 Dungeon Crawl Stone Soup version 0.20.1-1-g8b1a95d (webtiles) character file.

118 Knicklaso the Ruffian (level 4, -3/35 HPs)
             Began as a Draconian Transmuter on July 15, 2017.
             Slain by an ice beast (8 damage)
             ... on level 3 of the Dungeon.
             The game lasted 00:06:15 (2301 turns).

Knicklaso the Ruffian (Draconian Transmuter)        Turns: 2301, Time: 00:06:19

Health: -3/35      AC:  9    Str: 13    XL:     4   Next: 72%
Magic:  7/7        EV: 12    Int: 13    God:
Gold:   101        SH:  0    Dex: 12    Spells: 6/7 levels left

rFire    . . .     SeeInvis .     - Unarmed
rCold    . . .     Gourm    .   (no shield)
rNeg     . . .     Faith    .   (armour unavailable)
rPois    .         Spirit   .   (helmet restricted)
rElec    .         Reflect  .   (no cloak)
rCorr    .         Harm     .   r - +2 pair of gloves
MR       .....                  m - +0 pair of boots
Stlth    +.........             (no amulet)
Regen    0.2/turn               (no ring)
MPRegen  0.1/turn               (no ring)

@: slowed, very slow
A: unfitting armour, cold-blooded, AC +5
a: no special abilities


You were on level 3 of the Dungeon.
You were hungry.

You visited 1 branch of the dungeon, and saw 3 of its levels.

You collected 101 gold pieces.

Inventory:

Missiles
 a - 29 arrows
Armour
 m - a +0 pair of boots (worn)
 r - a +2 pair of gloves (worn)
Scrolls
 g - 4 scrolls of identify
 o - a scroll of remove curse
 q - 3 scrolls of fog {unknown}
 t - a scroll of teleportation {unknown}
 u - a scroll of noise {unknown}
Potions
 d - a potion of haste {unknown}
 e - a potion of cancellation {unknown}
 f - a potion of agility {unknown}
 h - 3 potions of curing
 j - a potion of flight {unknown}
 l - a potion of magic {unknown}
 n - a potion of mutation {unknown}
 p - a potion of heal wounds {unknown}
 s - 2 potions of brilliance {unknown}
Books
 b - a book of Changes

   Spells                             Type                      Level
   a - Beastly Appendage              Transmutation                1
   b - Sticks to Snakes               Transmutation                2
   c - Spider Form                    Transmutation/Poison         3
   d - Ice Form                       Ice/Transmutation            4
   e - Blade Hands                    Transmutation                5
Comestibles
 c - 2 bread rations
 i - 4 royal jellies
 k - 2 meat rations
 v - a chunk of flesh


   Skills:
 - Level 1.1 Fighting
 - Level 1.8 Dodging
 + Level 5.4 Unarmed Combat
 - Level 2.0 Spellcasting
 - Level 2.0 Transmutations


You had 6 spell levels left.
You knew the following spells:

 Your Spells              Type           Power        Failure   Level  Hunger
a - Beastly Appendage     Tmut           #.....       11%         1    ##.....


Dungeon Overview and Level Annotations

Branches:
Dungeon (3/15)

Altars:


Innate Abilities, Weirdness & Mutations

Your plain brown scales are hard. (AC +5)
You cannot fit into any form of body armour.
You are cold-blooded and may be slowed by cold attacks.


Message History

The ice beast is lightly wounded.
The ice beast hits you. The ice beast freezes you!
You feel yourself slow down.
You hit the ice beast.
The ice beast is moderately wounded.
The ice beast hits you but does no damage.
You hit the ice beast.
The ice beast is moderately wounded.
You feel yourself speed up. The ice beast closely misses you.
You hit the ice beast but do no damage.
The ice beast is moderately wounded.
The ice beast hits you. The ice beast freezes you!
You feel yourself slow down.
* * * LOW HITPOINT WARNING * * *
You closely miss the ice beast.
The ice beast is moderately wounded.
The ice beast hits you.
* * * LOW HITPOINT WARNING * * *
The ice beast freezes you!
You feel as though you will be slow longer.
You die...

.#........#
†#........#
).........#
..........#
.....######
.....# .....#
.....#
#.###########
.....#
#...Y@[.....#
.....#
##########.##
###..## #.#
##..# #.#
#..#
########.#
##.##
#........#
#..#
#.########
#<.# #.#
#..## #(#


You could see an ice beast.

Vanquished Creatures
  Jessica (D:2)
  3 gnolls (D:2)
  An adder (D:3)
  A worm (D:2)
  A dart slug (D:2)
  A leopard gecko (D:1)
  5 giant cockroaches
  5 goblins
  4 hobgoblins
  3 jackals (D:1)
  3 ball pythons
  8 bats
  4 frilled lizards
  6 kobolds
  3 rats (D:2)
49 creatures vanquished.

Notes
Turn   | Place    | Note
-------+----------+-------------------------------------------
     0 | D:1      | Knicklaso the Draconian Transmuter began the quest for the Orb.
     0 | D:1      | Reached XP level 1. HP: 16/16 MP: 3/3
   393 | D:1      | Reached XP level 2. HP: 23/23 MP: 3/5
   895 | D:2      | Reached skill level 4 in Unarmed Combat
   989 | D:2      | Reached XP level 3. HP: 28/28 MP: 6/6
  1400 | D:2      | Noticed Jessica
  1477 | D:2      | Killed Jessica
  1477 | D:2      | Reached skill level 5 in Unarmed Combat
  1477 | D:2      | Reached XP level 4. HP: 20/35 MP: 7/7
  2289 | D:3      | Noticed an ice beast
  2301 | D:3      | Slain by an ice beast

Skill      XL: |  1  2  3 |
---------------+----------+-----
Unarmed Combat | 4 5 |  5.4
Fighting       | |  1.1
Dodging        | |  1.8
Spellcasting   | |  2.0
Transmutations | |  2.0

Action                   |  1- 3 |  4- 6 || total
-------------------------+-------+-------++-------
Melee: Unarmed           |   100 |    56 ||   156
       Headbutt          |     5 |       ||     5
       Kick              |     1 |       ||     1
       Tailslap          |     6 |     5 ||    11
       Punch             |     2 |       ||     2
 Cast: Beastly Appendage |     7 |       ||     7
  Use: Scroll            |       |     2 ||     2
 Stab: Distracted        |     1 |       ||     1
  Eat: Chunk             |     2 |     2 ||     4
Armor: Skin              |    29 |    28 ||    57
Dodge: Dodged            |    53 |    32 ||    85
